 Dungeon Crawl Stone Soup version 0.21-a0-434-g806c6c2 (webtiles) character file.

3090 qqqbard the Cruncher (level 9, -1/49 HPs)
             Began as a Vine Stalker Gladiator on Nov 8, 2017.
             Slain by a wolf (8 damage)
             ... led by Grum
             ... on level 8 of the Dungeon.
             The game lasted 00:12:58 (6763 turns).

qqqbard the Cruncher (Vine Stalker Gladiator)       Turns: 6763, Time: 00:12:58

Health: -1/49      AC:  9    Str: 20    XL:     9   Next: 89%
Magic:  0/10       EV: 16    Int: 11    God:
Gold:   435        SH:  0    Dex: 16    Spells: 8/8 levels left

rFire    . . .     SeeInvis .   a - +0 quarterstaff
rCold    . . .     Gourm    .   (shield currently unavailable)
rNeg     . . .     Faith    .   L - +2 leather armour of Rempush {Int+3 Slay+3}
rPois    .         Spirit   +   c - +0 helmet
rElec    .         Reflect  .   E - +0 cloak
rCorr    .         Harm     .   m - +0 pair of gloves
MR       ++...                  (no boots)
Stlth    +.........             (no amulet)
HPRegen  0.56/turn              D - +2 ring of evasion
MPRegen  0.12/turn              b - ring of protection from magic

@: no status effects
A: fangs 3, regeneration 1, magic shield, antimagic bite, no potion heal 3, rot
immunity
a: no special abilities


You were on level 8 of the Dungeon.
You were not hungry.

You visited 1 branch of the dungeon, and saw 8 of its levels.
You also visited: Sewer.

You collected 435 gold pieces.

Inventory:

Hand Weapons
 a - a +0 quarterstaff (weapon)
Missiles
 d - 5 throwing nets (quivered)
Armour
 c - a +0 helmet (worn)
 m - a +0 pair of gloves (worn)
 E - a +0 cloak (worn)
 L - the +2 leather armour of Rempush (worn) {Int+3 Slay+3}
   (You found it on level 6 of the Dungeon)

   It affects your intelligence (+3).
   It affects your accuracy and damage with ranged weapons and melee attacks
   (+3).
Jewellery
 b - a ring of protection from magic (right hand)
 r - an uncursed ring of protection from fire {unknown}
 B - an uncursed amulet of magic regeneration {unknown}
 D - a +2 ring of evasion (left hand)
Scrolls
 h - a scroll of teleportation
 l - 2 scrolls of immolation {unknown}
 o - 3 scrolls of recharging
 p - a scroll of fog {unknown}
 q - 2 scrolls of remove curse
 s - 2 scrolls of amnesia {unknown}
 t - 2 scrolls of enchant weapon {unknown}
 v - 3 scrolls of random uselessness {unknown}
 w - a scroll of enchant armour {unknown}
 F - a scroll of magic mapping {unknown}
 N - a scroll of blinking {unknown}
Potions
 e - 2 potions of ambrosia
 i - 2 potions of flight
 k - 7 potions of curing
 x - a potion of brilliance
 A - 3 potions of haste
 G - 2 potions of mutation
 H - a potion of agility {unknown}
 I - a potion of might {unknown}
 J - a potion of heal wounds {unknown}
 K - 3 potions of degeneration {unknown}
 M - a potion of cancellation {unknown}
Books
 y - a book of Power

   Spells                             Type                      Level
   a - Iskenderun's Battlesphere      Conjuration/Charms           5
   b - Venom Bolt                     Conjuration/Poison           5
   c - Bolt of Magma                  Conjuration/Fire/Earth       5
   d - Iron Shot                      Conjuration/Earth            6
   e - Orb of Destruction             Conjuration                  7
   f - Spellforged Servitor           Conjuration/Summoning        7
 z - a book of Maledictions

   Spells                             Type                      Level
   a - Corona                         Hexes                        1
   b - Ensorcelled Hibernation        Hexes/Ice                    2
   c - Confuse                        Hexes                        3
   d - Tukima's Dance                 Hexes                        3
   e - Dazzling Spray                 Conjuration/Hexes            3
Comestibles
 f - 8 bread rations
 g - 7 chunks of flesh
 j - 5 meat rations
 n - 4 royal jellies
 u - 8 fruits


   Skills:
 + Level 6.3 Fighting
 * Level 8.4 Staves
 - Level 1.7 Throwing
 + Level 5.4 Armour
 + Level 4.3 Dodging


You had 8 spell levels left.
You didn't know any spells.

Dungeon Overview and Level Annotations

Branches:
Dungeon (8/15)             Temple (0/1) D:6
   Lair: D:8-11

Altars:
Dithmenos
Fedhas
Gozag
Okawaru
Sif Muna

Shops:
D:4 (   D:6 [![[

Annotations:
D:3 qqqbard's ghost, novice VSGl
D:8 Grum


Innate Abilities, Weirdness & Mutations

You have razor-sharp teeth.
Your natural rate of healing is unusually fast.
When hurt, damage is shared between your health and your magic reserves.
Your bite disrupts and absorbs the magic of your enemies.
Potions cannot restore your health.
You are immune to rotting.


Message History

The wolf closely misses you. The wolf barely misses you. The wolf misses you.
Grum sniffs the air and quickly glances around.
The wolf completely misses you. The wolf bites you but does no damage.
The wolf bites you. The wolf barely misses you.
The wolf bites you but does no damage. The wolf closely misses you.
The wolf bites you.
* * * LOW HITPOINT WARNING * * *
The wolf misses you. The wolf bites you!
* * * LOW HITPOINT WARNING * * *
Grum glances around and shouts, "Fido!
Here boy!"
The wolf closely misses you. The wolf misses you. The wolf bites you!
You die...

#.<..## #.....##..####......#
####)# #..#.####.##...#.##.. #)#
#..#.# #.##.##..##.# #.## #..#.#
#.##.#..###.# #..# #..#g#
#....#.####.# ######.######..#s#
##........##.# ....##.#......##.#
#.........##.# ..[......####.##h#
#.........##.#
.)..##.######.##@###.........##..
....##.##........................
..........##..##.##.#####..####..
....##.###...###.#..# ##.####.#
....##.# #.#####...## #.......
....##.##.........## ###...#.
....##....)#####.## ##.###.
######.....# #.# ######..# .
.....<.....#####.#####......## #


You could see Grum, a wolf and a scorpion.

Vanquished Creatures
  Prince Ribbit (D:8)
  A hippogriff (D:8)
  Sigmund (D:6)
  3 ice beasts
  An orc warrior (D:8)
  Purgy (Sewer)
  A black bear (D:6)
  3 wolves (D:8)
  3 centaurs
  3 ogres
  A crocodile (D:8)
  2 bullfrogs
  A gnoll sergeant (D:7)
  2 scorpions (D:7)
  5 killer bees (D:8)
  A crimson imp (D:3)
  3 hounds
  2 centaur skeletons
  2 jellies
  2 orc wizards (D:8)
  Jessica (D:2)
  An iguana (D:4)
  A worker ant (D:5)
  A hound zombie (D:7)
  6 gnolls
  7 adders
  2 river rats (D:6)
  A shadow imp (D:5)
  2 oozes
  An adder zombie (D:7)
  2 worms (D:6)
  5 dart slugs
  5 leopard geckos
  19 orcs
  5 ball pythons
  8 giant cockroaches
  10 goblins
  6 hobgoblins
  12 jackals
  4 quokkas
  10 bats
  4 frilled lizards
  7 kobolds
  6 rats
165 creatures vanquished.

Notes
Turn   | Place    | Note
-------+----------+-------------------------------------------
     0 | D:1      | qqqbard the Vine Stalker Gladiator began the quest for the Orb.
     0 | D:1      | Reached XP level 1. HP: 11/11 MP: 2/2
   294 | D:1      | Reached skill level 3 in Staves
   294 | D:1      | Reached XP level 2. HP: 10/15 MP: 3/3
   439 | D:1      | Reached skill level 1 in Armour
   531 | D:1      | Reached XP level 3. HP: 16/18 MP: 1/4
  1224 | D:2      | Gained mutation: Your natural rate of healing is unusually fast. [Vine Stalker growth]
  1224 | D:2      | Reached XP level 4. HP: 21/23 MP: 5/5
  1235 | D:2      | Found a blossoming altar of Fedhas.
  1315 | D:2      | Found a deep blue altar of Sif Muna.
  1478 | D:2      | Found a shadowy altar of Dithmenos.
  1659 | D:2      | Noticed Jessica
  1663 | D:2      | Killed Jessica
  2003 | D:3      | Reached XP level 5. HP: 28/28 MP: 6/6
  2016 | D:3      | Noticed qqqbard's ghost (novice VSGl)
  2692 | D:4      | Noticed an ogre
  2813 | D:4      | Killed an ogre
  2813 | D:4      | Reached skill level 4 in Staves
  2813 | D:4      | Reached XP level 6. HP: 17/32 MP: 4/7
  3247 | D:4      | Found Onnaj's Antique Weapon Shop.
  3618 | D:5      | Entered Level 5 of the Dungeon
  3971 | D:5      | Reached XP level 7. HP: 33/37 MP: 6/8
  4108 | D:5      | Found an opulent altar of Gozag.
  4434 | D:6      | Found a staircase to the Ecumenical Temple.
  4515 | D:6      | Upgraded the game from 0.21-a0-426-g98080a9 to 0.21-a0-434-g806c6c2
  4527 | D:6      | Found a glowing drain.
  4540 | Sewer    | Entered a sewer
  4595 | Sewer    | Noticed Purgy
  4629 | Sewer    | Killed Purgy
  4629 | Sewer    | Reached skill level 5 in Staves
  4815 | D:6      | Gained mutation: You have razor-sharp teeth. [Vine Stalker growth]
  4815 | D:6      | Reached XP level 8. HP: 39/42 MP: 7/9
  4883 | D:6      | Noticed Sigmund
  4901 | D:6      | Killed Sigmund
  4901 | D:6      | Reached skill level 5 in Fighting
  4901 | D:6      | Reached skill level 6 in Staves
  4913 | D:6      | Got a spiked leather armour
  4924 | D:6      | Identified the +2 leather armour of Rempush {Int+3 Slay+3} (You found it on level 6 of the Dungeon)
  5029 | D:6      | Found an iron altar of Okawaru.
  5186 | D:6      | Found Jiuc's Armour Shop.
  5188 | D:6      | Found Siuruuk's Armour Shop.
  5188 | D:6      | Found Fonoh's Antique Armour Shop.
  5189 | D:6      | Found Suipaini's Distillery.
  6066 | D:7      | Reached skill level 7 in Staves
  6066 | D:7      | Reached XP level 9. HP: 47/47 MP: 10/10
  6228 | D:8      | Noticed Prince Ribbit
  6237 | D:8      | Killed Prince Ribbit
  6594 | D:8      | Reached skill level 5 in Armour
  6626 | D:8      | Reached skill level 8 in Staves
  6717 | D:8      | Noticed Grum
  6739 | D:8      | HP: 1/49 [Grum/spear (13)]
  6763 | D:8      | Slain by a wolf

Vault maps used:
D:1:      giann_forest_graveyard
D:2:      lemuel_round_altar, grunt_dithmenos_smoke, fedhas_altar_4,
          uniq_jessica
D:4:      first_bread, serial_shops, nicolae_shop_overgrown_old_shop
D:5:      basic_altar, fountainhead
D:6:      lemuel_coloured_pillars_altar, minmay_temple_entry_glassed_door,
          serial_glass, glass_columns_a, glass_columns_a,
          gup_sewer_entry_bubbles, grunt_decor_mini_mirrors,
          minmay_shop_grid_forest, minivault_26, uniq_sigmund
D:7:      grunt_ogre_cave
D:8:      nicolae_overflow_hidden_temple, minmay_checkerbox, uniq_grum,
          uniq_prince_ribbit1
Sewer:    sewer_the_crocodile

Skill      XL: |  1  2  3  4  5  6  7  8  9 |
---------------+----------------------------+-----
Fighting       | 2 3 4 5 6 |  6.3
Staves         | 3 4 5 7 8 |  8.4
Armour         | 1 2 3 4 5 |  5.4
Dodging        | 3 4 |  4.3
Throwing       | |  1.7

Action                   |  1- 3 |  4- 6 |  7- 9 || total
-------------------------+-------+-------+-------++-------
Melee: Quarterstaff      |    90 |   185 |   321 ||   596
       Bite              |    20 |    59 |    81 ||   160
  Use: Scroll            |       |       |    12 ||    12
       Potion            |       |       |     1 ||     1
 Stab: Sleeping          |       |       |     1 ||     1
  Eat: Chunk             |     1 |     9 |     9 ||    19
Armor: Leather armour    |    19 |    50 |    55 ||   124
       Scale mail        |       |    17 |    83 ||   100
Dodge: Dodged            |    65 |   119 |   294 ||   478

Table legend:
 A = Spawn XP
 B = Non-spawn XP
 C = Spawn XP percentage of total XP
 D = Spawn monster count
 E = Non-spawn monster count
 F = Spawn count percentage of total count
 G = Total turns spent on level
                    A         B        C        D         E        F      G
               +---------+---------+-------+---------+---------+-------+---------
         Total |       0 |    4415 |   0.0 |       0 |     165 |   0.0 |  6763
               +---------+---------+-------+---------+---------+-------+---------
           D:1 |       0 |      79 |   0.0 |       0 |      33 |   0.0 |  1162
           D:2 |       0 |      88 |   0.0 |       0 |      22 |   0.0 |   906
           D:3 |       0 |      97 |   0.0 |       0 |      18 |   0.0 |   483
           D:4 |       0 |     214 |   0.0 |       0 |      10 |   0.0 |  1067
           D:5 |       0 |     212 |   0.0 |       0 |       7 |   0.0 |   784
           D:6 |       0 |     848 |   0.0 |       0 |      18 |   0.0 |   942
           D:7 |       0 |     713 |   0.0 |       0 |      17 |   0.0 |   709
           D:8 |       0 |    2027 |   0.0 |       0 |      34 |   0.0 |   574
         Sewer |       0 |     137 |   0.0 |       0 |       6 |   0.0 |   136
               +---------+---------+-------+---------+---------+-------+---------
